 Dungeon Crawl Stone Soup version 0.28.0-55-gcd9437bce4 (webtiles) character file.

Game seed: 3900730163476095119

2537 cbfl8 the Cleaver (level 9, -14/79 HPs)
             Began as a Minotaur Berserker on Jan 13, 2023.
             Was a Priest of Trog.
             Demolished by a two-headed ogre
             ... wielding a +0 giant club
              (20 damage)
             ... on level 9 of the Dungeon.
             The game lasted 00:05:27 (8141 turns).

cbfl8 the Cleaver (Minotaur Berserker)              Turns: 8141, Time: 00:05:28

Health: -14/79     AC: 11    Str: 22    XL:     9   Next: 30%
Magic:  8/8        EV: 11    Int:  4    God:    Trog [***...]
Gold:   375        SH:  0    Dex: 20    Spells: 8/8 levels left

rFire   . . .      SeeInvis .   C - +1 war axe
rCold   . . .      Faith    .   (no shield)
rNeg    . . .      Spirit   .   p - +0 chain mail
rPois   +          Reflect  .   (helmet restricted)
rElec   .          Harm     .   (no cloak)
rCorr   .          Rampage  .   (no gloves)
Will    ++...                   j - +0 pair of boots
Stlth   ..........              (no amulet)
HPRegen 1.23/turn               d - ring of poison resistance
MPRegen 0.11/turn               l - +6 ring of dexterity

@: strong-willed, on berserk cooldown, regenerating, slowed, very slow
A: horns 2, retaliatory headbutt
a: Renounce Religion, Berserk, Trog's Hand


You were on level 9 of the Dungeon.
You worshipped Trog.
Trog was most pleased with you.
You visited 1 branch of the dungeon, and saw 8 of its levels.

You collected 375 gold pieces.

Inventory:

Hand Weapons
 B - the +6 arbalest "Damnation" {damnation}
   (You found it on level 6 of the Dungeon)

   Any ammunition fired from it explodes in a burst of damnation on striking a
   foe, dealing damage which bypasses armour.
 C - a +1 war axe (weapon)
Armour
 j - a +0 pair of boots (worn)
 p - a +0 chain mail (worn)
 v - +0 swamp dragon scales
Jewellery
 b - a ring of fire
 d - a ring of poison resistance (left hand)
 k - a ring of protection from fire
 l - a +6 ring of dexterity (right hand)
Wands
 i - a wand of paralysis (7)
 y - a wand of flame (15)
Scrolls
 f - 2 scrolls of fog {unknown}
 g - a scroll of magic mapping {unknown}
 o - 2 scrolls of enchant weapon
 q - 7 scrolls of identify {unknown}
 s - a scroll of torment {unknown}
 t - 2 scrolls of immolation {unknown}
 u - 3 scrolls of teleportation {unknown}
 w - a scroll of noise {unknown}
 A - a scroll of fear {unknown}
 D - a scroll of vulnerability {unknown}
Potions
 a - 2 potions of invisibility {unknown}
 c - a potion of attraction {unknown}
 e - a potion of mutation {unknown}
 h - 2 potions of curing {unknown}
 m - a potion of ambrosia {unknown}
 n - 2 potions of lignification {unknown}
 r - 3 potions of degeneration {unknown}
 x - 2 potions of heal wounds {unknown}
 z - a potion of resistance {unknown}


   Skills:
 * Level 7.0 Fighting
 * Level 10.6 Axes
 + Level 5.7 Armour
 * Level 5.1 Dodging
 + Level 1.5 Stealth
 * Level 4.1 Evocations


You had 8 spell levels left.
You didn't know any spells.
Your spell library was empty.

Dungeon Overview and Level Annotations

Branches:
Dungeon (7/15)             Temple (0/1) D:5

Altars:

Shops:
D:2 *   D:4 =


Innate Abilities, Weirdness & Mutations

You have a pair of horns on your head.
You reflexively headbutt those who attack you in melee.


Message History

Your Fighting skill increases to level 7!
Your Dodging skill increases to level 5!
You start resting.
You feel a strong urge to attack something.
You start resting.
You feel your anger nearly subside.
You are no longer berserk.
You are exhausted.
You feel yourself slow down.
You start resting.
A two-headed ogre comes into view. It is wielding two +0 giant clubs.
A two-headed ogre is nearby!
A two-headed ogre is nearby!
The two-headed ogre shouts in stereo!
The two-headed ogre closely misses you.
The two-headed ogre hits you with a +0 giant club!
Your skin crawls.
You feel strong-willed. The two-headed ogre barely misses you.
The two-headed ogre hits you with a +0 giant club!!
You hit the two-headed ogre.
The two-headed ogre is lightly wounded.
The two-headed ogre hits you with a +0 giant club!
* * * LOW HITPOINT WARNING * * *
The two-headed ogre misses you.
You hit the two-headed ogre.
The two-headed ogre is lightly wounded.
The two-headed ogre barely misses you. You furiously retaliate!
You headbutt the two-headed ogre.
The two-headed ogre hits you with a +0 giant club.
* * * LOW HITPOINT WARNING * * *
You hit the two-headed ogre but do no damage.
The two-headed ogre is moderately wounded.
The two-headed ogre closely misses you.
The two-headed ogre hits you with a +0 giant club!!
* * * LOW HITPOINT WARNING * * *
As you read the scroll labelled YPSOJA XYIFE, it crumbles to dust.
It is a scroll of enchant weapon.
Your +0 war axe glows red for a moment.
The two-headed ogre hits you with a +0 giant club!!
You die...

... .##..## .. .....##
#.#.....## #...)....#
#....# ##..## ### #.##
##+# #.+ #O# ##...##.##
#@## ##.....#^.# #..##
##.......#.# #####.#
#..........###.# #.#####.#
'..............###........
#..........###....######.#
#.......#.# ##...#
##.....##.#####.>#
##...###........#


You could see a two-headed ogre.

Vanquished Creatures
  Pikel (D:4)
  An efreet (D:9)
  Sigmund (D:4)
  A water moccasin (D:6)
  An ice beast (D:7)
  A sky beast (D:7)
  A centaur (D:9)
  A lemure (D:4)
  3 bullfrogs (D:6)
  2 scorpions
  A water moccasin skeleton (D:6)
  A howler monkey (D:4)
  A centaur zombie (D:7)
  2 bullfrog zombies
  4 hounds
  2 orc priests
  A bullfrog skeleton (D:6)
  2 gnoll shamans
  4 jellies
  2 iguanas (D:6)
  Natasha (thrice) (D:2)
  An orc wizard (D:4)
  2 hound skeletons
  9 gnolls
  A howler monkey skeleton (D:7)
  4 adders
  2 white imps
  An adder skeleton (D:4)
  A worm (D:4)
  3 dart slugs
  10 orcs
  7 endoplasms
  4 giant cockroaches
  5 goblins
  7 hobgoblins
  2 jackals (D:1)
  3 quokkas
  6 ball pythons
  3 bats (D:1)
  3 frilled lizards
  8 kobolds
  A quokka skeleton (D:4)
  9 rats
128 creatures vanquished.

Notes
Turn   | Place    | Note
-------+----------+-------------------------------------------
     0 | D:1      | cbfl8 the Minotaur Berserker began the quest for the Orb.
     0 | D:1      | Reached XP level 1. HP: 19/19 MP: 0/0
   681 | D:1      | Reached skill level 4 in Axes
   683 | D:1      | Reached XP level 2. HP: 27/27 MP: 1/1
  1133 | D:1      | Reached ** piety under Trog
  1449 | D:1      | Reached XP level 3. HP: 33/33 MP: 2/2
  2155 | D:2      | Noticed Natasha
  2162 | D:2      | Killed Natasha
  2620 | D:2      | Reached XP level 4. HP: 40/40 MP: 3/3
  2646 | D:2      | Found Feisirum's Assorted Antiques.
  2988 | D:2      | Noticed Natasha
  2994 | D:2      | Killed Natasha
  2995 | D:2      | Reached skill level 5 in Axes
  3129 | D:2      | Noticed Natasha
  3136 | D:2      | Killed Natasha
  3198 | D:3      | HP: 3/61 [orc priest/divine providence (12)]
  3202 | D:3      | Reached skill level 1 in Evocations
  3202 | D:3      | Reached XP level 5. HP: 4/47 MP: 4/4
  3682 | D:3      | Reached skill level 1 in Stealth
  4371 | D:4      | Reached skill level 6 in Axes
  4466 | D:4      | Noticed a lemure
  4472 | D:4      | Noticed a lemure
  4473 | D:4      | Noticed a lemure
  4519 | D:4      | Noticed Pikel
  4520 | D:4      | Noticed a lemure
  4527 | D:4      | Killed a lemure
  4528 | D:4      | Killed Pikel
  4529 | D:4      | Reached skill level 5 in Fighting
  4529 | D:4      | Reached skill level 7 in Axes
  4529 | D:4      | Reached XP level 6. HP: 49/56 MP: 5/5
  4529 | D:4      | Reached XP level 7. HP: 53/61 MP: 6/6
  5226 | D:4      | Noticed Sigmund
  5235 | D:4      | Killed Sigmund
  5410 | D:4      | Found Abuisam's Jewellery Shop.
  5602 | D:4      | Reached skill level 8 in Axes
  5821 | D:5      | Entered Level 5 of the Dungeon
  5859 | D:5      | Reached XP level 8. HP: 66/70 MP: 7/7
  6060 | D:5      | Reached *** piety under Trog
  6106 | D:5      | Reached skill level 5 in Armour
  6264 | D:5      | Found a staircase to the Ecumenical Temple.
  6854 | D:6      | Reached skill level 9 in Axes
  7078 | D:6      | Found the +6 arbalest "Damnation" {damnation}
  7726 | D:7      | Reached skill level 10 in Axes
  7726 | D:7      | Reached XP level 9. HP: 77/78 MP: 8/8
  7767 | D:7      | You fall into a shaft and drop 2 floors!
  8117 | D:9      | Noticed an efreet
  8123 | D:9      | Killed an efreet
  8124 | D:9      | Reached skill level 5 in Dodging
  8132 | D:9      | Noticed a two-headed ogre
  8141 | D:9      | Demolished by a two-headed ogre

Illustrated notes

Levels and vault maps discovered:
D:1:      saegor_arrival_fortress, layout_basic, serial_corexii_hall,
          corexii_hall_statues_s, corexii_hall_statues_t,
          chequers_serial_rivers_large_b, corexii_item_surrounded_by_moat
D:2:      layout_loops_corners, serial_shops, shop, minivault_27, uniq_natasha
D:3:      layout_loops_corners, kennysheep_decorative_pillar
D:4:      layout_loops_ring, nicolae_take_the_stairs,
          chequers_serial_rivers_micro_e, uniq_sigmund, uniq_pikel
D:5:      layout_cave_pools, minmay_temple_entry_fiery
D:6:      layout_rooms, minmay_misc_feat_hallway
D:7:      cheibrodos_fertilizer, layout_basic
D:9:      layout_loops_corners, grunt_temple_overflow_lords_of_destruction,
          gammafunk_ghost_spectres, nicolae_water_bricks,
          nicolae_shop_unique_rings, nicolae_shop_overcharged_wands, uniq_joseph

Skill      XL: |  1  2  3  4  5  6  7  8  9 |
---------------+----------------------------+-----
Axes           | 4 5 7 8 10 | 10.6
Fighting       | 4 5 6 7 |  7.0
Evocations     | 1 2 3 4 |  4.1
Armour         | 4 5 |  5.7
Dodging        | 3 4 5 |  5.1
Stealth        | 1 |  1.5

Action                   |  1- 3 |  4- 6 |  7- 9 || total
-------------------------+-------+-------+-------++-------
Melee: Hand axe          |    73 |    65 |   145 ||   283
       Headbutt          |    15 |    19 |    41 ||    75
       Punch             |       |       |     1 ||     1
       War axe           |       |       |    46 ||    46
Invok: Berserk           |       |     2 |     3 ||     5
       Trog's Hand       |       |       |     1 ||     1
  Use: Scroll            |       |       |     1 ||     1
 Stab: Sleeping          |     1 |     1 |       ||     2
Armor: Animal skin       |    11 |       |       ||    11
       Ring mail         |     8 |     4 |       ||    12
       Chain mail        |       |    11 |    78 ||    89
Dodge: Dodged            |    35 |    39 |    98 ||   172
